 Dungeon Sprint DCSS version 0.27-a0-522-g46bbb28828 (webtiles) character file.

Game seed: 13866560781510626378

7777 rocky1 the Earth Mage (level 11, 0/76 HPs)
             Began as an Octopode Earth Elementalist on Mar 5, 2021.
             Was a High Priest of Sif Muna.
             Slain by a phantasmal warrior (19 damage)
             ... in the Dungeon (Sprint VII: "The Pits").
             The game lasted 00:13:04 (1847 turns).

rocky1 the Earth Mage (Octopode Earth Elementalist) Turns: 1847, Time: 00:13:04

Health: 0/76       AC:  1    Str: 10    XL:     11   Next: 20%
Magic:  12/24      EV: 18    Int: 21    God:    Sif Muna [*****.]
Gold:   0          SH:  0    Dex: 16    Spells: 13/28 levels left

rFire    . . .     SeeInvis +   (no weapon)
rCold    . . .     Faith    .   (no shield)
rNeg     . . .     Spirit   .   q - +0 hat {SInv}
rPois    .         Reflect  .   (no amulet)
rElec    .         Harm     .   k - +3 ring of strength
rCorr    .         Rampage  .   l - +3 ring of dexterity
Will     .....     NoTele   +   (no ring)
Stlth    ++++++....             (no ring)
HPRegen  0.22/turn              (no ring)
MPRegen  0.19/turn              (no ring)
                                (no ring)
                                (no ring)

@: weak-willed
A: almost no armour, amphibious, 8 rings, constrict 8, camouflage 1, gelatinous
body 1, nimble swimmer 1
a: Renounce Religion, Channel Magic, Forget Spell, Divine Exegesis


You were in the Dungeon.
You worshipped Sif Muna.
Sif Muna was extremely pleased with you.
You visited 1 branch

Inventory:

Hand Weapons
 o - a +2 scimitar of holy wrath
 p - a +2 morningstar of protection
Missiles
 b - 24 stones
Armour
 q - a +0 hat of see invisible (worn)
Jewellery
 k - a +3 ring of strength (left tentacle)
 l - a +3 ring of dexterity (right tentacle)
Scrolls
 i - 5 scrolls of amnesia
 j - a scroll of summoning
Potions
 a - 2 potions of invisibility
 c - 9 potions of curing
 d - 6 potions of heal wounds
 e - 3 potions of haste
 f - 4 potions of magic
 g - 3 potions of berserk rage
 h - a potion of degeneration {unknown}
 m - 2 potions of brilliance
 n - a potion of might


   Skills:
 + Level 7.7 Fighting
 + Level 8.0 Dodging
 + Level 11.3 Stealth
 + Level 9.2 Spellcasting
 + Level 7.8 Conjurations
 + Level 7.8 Transmutations
 + Level 15.4 Earth Magic
 + Level 10.4 Invocations


You had 13 spell levels left.
You knew the following spells:

 Your Spells              Type           Power        Failure   Level
a - Sandblast             Erth           100%         0%          1
b - Stone Arrow           Conj/Erth      100%         1%          3
c - Lee's Rapid Deconstr  Erth           32%          1%          5
d - Iron Shot             Conj/Erth      27%          9%          6

Your spell library contained the following spells:

 Spells                   Type           Power        Failure   Level
 Foxfire                  Conj/Fire      100%         1%          1
 Passwall                 Tmut/Erth      45%          1%          2
 Searing Ray              Conj           84%          1%          2
 Petrify                  Tmut/Erth      55%          1%          4
 Conjure Flame            Conj/Fire      26%          4%          3
 Dazzling Flash           Conj/Hex       52%          4%          3
 Animate Skeleton         Necr           18%          7%          1
 Apportation              Tloc           18%          7%          1
 Corona                   Hex            10%          7%          1
 Pain                     Necr           36%          7%          1
 Summon Small Mammal      Summ           36%          7%          1
 Ignite Poison            Fire/Tmut/Pois 20%          8%          3
 Iskenderun's Battlesphe  Conj           42%          8%          5
 Bolt of Magma            Conj/Fire/Erth 21%          9%          5
 Borgnjor's Vile Clutch   Necr/Erth      21%          9%          5
 Fulminant Prism          Conj/Hex       13%          14%         4
 Iskenderun's Mystic Bla  Conj/Tloc      26%          14%         4
 Sticky Flame             Conj/Fire      26%          14%         4
 Gell's Gravitas          Tloc           4%           22%         3
 Inner Flame              Hex/Fire       9%           22%         3
 Summon Guardian Golem    Hex/Summ       9%           22%         3
 Fireball                 Conj/Fire      13%          36%         5
 Animate Dead             Necr           4%           56%         4
 Passage of Golubria      Tloc           N/A          56%         4
 Metabolic Englaciation   Hex/Ice        4%           89%         5
 Silence                  Hex/Air        4%           89%         5
 Summon Mana Viper        Hex/Summ       9%           89%         5
 Death Channel            Necr           4%           100%        6
 Dispersal                Tloc           4%           100%        6


Dungeon Overview and Level Annotations

Branches:
Dungeon (1/1)

Altars:
Ashenzari
Cheibriados
Dithmenos
Elyvilon
Fedhas
Gozag
Hepliaklqana
Kikubaaqudgha
Makhleb
Nemelex Xobeh
Okawaru
Qazlal
Ru
Sif Muna
Trog
Uskayaw
Vehumet
Wu Jian
Xom
Yredelemnul
Zin
The Shining One
Beogh
Jiyva
Lugonu


Innate Abilities, Weirdness & Mutations

You cannot wear most types of armour.
You are amphibious.
You can wear up to eight rings at the same time.
You can use your tentacles to constrict eight enemies at once.
Your skin changes colour to match your surroundings (Stealth+).
Your rubbery body absorbs attacks. (AC +1, EV +1)
You are stealthy while swimming. (Stealth+)


Message History

The vampire completely misses you. The vampire closely misses you.
A kobold brigand comes into view.
It is wielding a +2 dagger of speed and quivering poisoned darts.
The phantasmal warrior blinks!
The vampire hits you! The vampire closely misses you.
The kobold brigand moves out of view.
Your Dodging skill increases to level 8!
A kobold demonologist comes into view. It is wielding a +0 whip.
Unknown command.
Casting: Lee's Rapid Deconstruction (dangerous; 1% risk of failure)
Confirm with . or Enter, or press ? or * to list all spells.
Aiming: Lee's Rapid Deconstruction (dangerous; 1% risk of failure)
Press: ? - help, Dir - move target A metal wall.
The metal wall shatters!
The blast of metal fragments hits the phantasmal warrior!
The phantasmal warrior is heavily damaged.
The blast of metal fragments hits the vampire!!
The vampire is almost destroyed.
A kobold comes into view. It is wielding a +0 short sword.
The phantasmal warrior hits you!
Your willpower is stripped away!
The vampire draws life force from you!!
* * * LOW HITPOINT WARNING * * *
The vampire is healed by the life force!
The phantasmal warrior closely misses you.
The kobold moves out of view.
Okay, then.
Casting: Lee's Rapid Deconstruction (dangerous; 1% risk of failure)
Confirm with . or Enter, or press ? or * to list all spells.
Aiming: Lee's Rapid Deconstruction (dangerous; 1% risk of failure)
Press: ? - help, Dir - move target A metal wall.
The metal wall shatters!
The blast of metal fragments hits the phantasmal warrior!
The phantasmal warrior is severely damaged.
The blast of metal fragments hits the vampire!!!
You destroy the vampire!
Sif Muna accepts your kill.
You feel less invigorated.
You feel yourself speed up. The phantasmal warrior hits you!!
You die...

''######
''############
......+..+...###
......+..+.....##
.....##..##.....## #
...###....###....# .#
[)##........###.### .#
++#...#..#...#..W.#..#
.........†...+..@K(..+
++#.†.#..#...#....#KK#
..##........###.### )#
...###....###....# W#
.....##).##.....## #
#.....+..+†)..÷##
###...+..+...###
############


You could see a phantasmal warrior, a kobold demonologist, a kobold brigand and
a kobold.

Vanquished Creatures
  Gastronok (D)
  A shadow wraith (D)
  A swamp dragon (D)
  A phantasmal warrior (D)
  A molten gargoyle (D)
  A komodo dragon (D)
  2 kobold demonologists (D)
  A rime drake (D)
  A hellwing (D)
  An ice devil (D)
  A troll (D)
  A hornet (D)
  A blink frog (D)
  A vampire (D)
  A shadow (D)
  A wyvern (D)
  Grum (D)
  2 steam dragons (D)
  A water moccasin (D)
  A black bear (D)
  2 necrophages (D)
  10 wolves (D)
  A kobold brigand (D)
  A bullfrog (D)
  A small abomination (D)
  A crimson imp (D)
  A quasit (D)
  A hound (D)
  An iguana (D)
  Terence (D)
  An ufetubus (D)
  2 oozes (D)
  An adder zombie (D)
  An orc (D)
  2 bat zombies (D)
  6 jackals (D)
  A ball python (D)
  4 frilled lizards (D)
  4 kobolds (D)
  A quokka skeleton (D)
  A quokka zombie (D)
66 creatures vanquished.

Notes
Turn   | Place    | Note
-------+----------+-------------------------------------------
     0 | D        | rocky1 the Octopode Earth Elementalist began the quest for
                  | the Orb.
     0 | D        | Reached XP level 1. HP: 11/11 MP: 3/3
    42 | D        | Found a bloodstained altar of Trog.
    42 | D        | Found a shimmering blue altar of Sif Muna.
    42 | D        | Found a viscous altar of Jiyva.
    42 | D        | Found a hazy altar of Hepliaklqana.
    42 | D        | Found an opulent altar of Gozag.
    43 | D        | Found a glowing golden altar of the Shining One.
    43 | D        | Found a glowing silver altar of Zin.
    43 | D        | Found a basalt altar of Yredelemnul.
    43 | D        | Found a shimmering altar of Xom.
    43 | D        | Found an ornate altar of the Wu Jian Council.
    43 | D        | Found a sacrificial altar of Ru.
    43 | D        | Found a stormy altar of Qazlal.
    43 | D        | Found an iron altar of Okawaru.
    43 | D        | Found a sparkling altar of Nemelex Xobeh.
    43 | D        | Found a burning altar of Makhleb.
    43 | D        | Found a blossoming altar of Fedhas.
    43 | D        | Found a white marble altar of Elyvilon.
    43 | D        | Found a shadowy altar of Dithmenos.
    43 | D        | Found a snail-covered altar of Cheibriados.
    45 | D        | Found a radiant altar of Vehumet.
    45 | D        | Found a corrupted altar of Lugonu.
    47 | D        | Found an ancient bone altar of Kikubaaqudgha.
    47 | D        | Found a hide-covered altar of Uskayaw.
    47 | D        | Found a broken altar of Ashenzari.
    48 | D        | Became a worshipper of Sif Muna the Loreminder
   138 | D        | Reached * piety under Sif Muna
   144 | D        | Reached skill level 4 in Earth Magic
   205 | D        | Noticed a water moccasin
   213 | D        | Reached ** piety under Sif Muna
   214 | D        | Reached skill level 5 in Earth Magic
   214 | D        | Reached XP level 2. HP: 13/17 MP: 0/5
   300 | D        | Killed a water moccasin
   301 | D        | Reached skill level 9 in Earth Magic
   301 | D        | Reached XP level 3. HP: 21/21 MP: 1/6
   301 | D        | Reached XP level 4. HP: 27/27 MP: 1/7
   301 | D        | Reached XP level 5. HP: 31/31 MP: 1/8
   312 | D        | Learned a level 5 spell: Lee's Rapid Deconstruction
   389 | D        | Noticed a necrophage
   389 | D        | Noticed a necrophage
   396 | D        | Killed a necrophage
   397 | D        | Reached skill level 11 in Earth Magic
   398 | D        | Killed a necrophage
   398 | D        | Reached *** piety under Sif Muna
   399 | D        | Reached skill level 12 in Earth Magic
   399 | D        | Reached XP level 6. HP: 36/36 MP: 1/9
   408 | D        | Reached skill level 1 in Invocations
   410 | D        | Reached **** piety under Sif Muna
   441 | D        | Learned a level 3 spell: Stone Arrow
   454 | D        | Noticed a blink frog
   458 | D        | Killed a blink frog
   459 | D        | Reached skill level 13 in Earth Magic
   459 | D        | Reached XP level 7. HP: 39/41 MP: 4/14
   531 | D        | Noticed Terence
   532 | D        | Reached ***** piety under Sif Muna
   532 | D        | Received a gift from Sif Muna
   533 | D        | Reached skill level 5 in Spellcasting
   533 | D        | Reached skill level 5 in Invocations
   533 | D        | Killed Terence
   725 | D        | Identified Sif Muna's Volume of Warped Confrontation (Sif
                  | Muna gifted it to you in the Dungeon)
   725 | D        | Received a gift from Sif Muna
   989 | D        | Noticed a hornet
   989 | D        | Noticed an ice devil
  1007 | D        | Killed a hornet
  1008 | D        | Reached skill level 1 in Fighting
  1008 | D        | Reached skill level 1 in Conjurations
  1008 | D        | Reached XP level 8. HP: 18/48 MP: 10/17
  1010 | D        | Killed an ice devil
  1011 | D        | Reached skill level 14 in Earth Magic
  1224 | D        | Noticed a komodo dragon
  1227 | D        | Killed a komodo dragon
  1228 | D        | Reached skill level 5 in Stealth
  1333 | D        | Noticed a shadow
  1333 | D        | Noticed Grum
  1334 | D        | Noticed a rime drake
  1334 | D        | Noticed a wyvern
  1338 | D        | Killed a shadow
  1339 | D        | Reached XP level 9. HP: 57/57 MP: 8/19
  1340 | D        | Killed Grum
  1340 | D        | Identified Sif Muna's Guide on Evil Rites (Sif Muna gifted
                  | it to you in the Dungeon)
  1340 | D        | Received a gift from Sif Muna
  1340 | D        | Noticed a phantasmal warrior
  1341 | D        | Killed a rime drake
  1342 | D        | Reached skill level 5 in Dodging
  1344 | D        | Killed a phantasmal warrior
  1344 | D        | HP: 2/59 [wolf[Grum] (4)]
  1345 | D        | Reached skill level 5 in Fighting
  1345 | D        | Reached skill level 5 in Conjurations
  1345 | D        | Reached skill level 5 in Transmutations
  1555 | D        | Noticed a hellwing
  1569 | D        | Killed a hellwing
  1569 | D        | Received a gift from Sif Muna
  1570 | D        | Reached XP level 10. HP: 54/66 MP: 6/21
  1639 | D        | Learned a level 6 spell: Iron Shot
  1650 | D        | Noticed a molten gargoyle
  1653 | D        | Noticed a swamp dragon
  1657 | D        | Killed a molten gargoyle
  1674 | D        | Killed a swamp dragon
  1675 | D        | Reached skill level 15 in Earth Magic
  1702 | D        | Noticed Gastronok
  1708 | D        | Killed Gastronok
  1709 | D        | Reached skill level 10 in Stealth
  1709 | D        | Reached skill level 10 in Invocations
  1710 | D        | Identified Sif Muna's Handbook of Blistering Beguiling (Sif
                  | Muna gifted it to you in the Dungeon)
  1710 | D        | Received a gift from Sif Muna
  1740 | D        | Reached XP level 11. HP: 65/75 MP: 17/23
  1838 | D        | Noticed a shadow wraith
  1839 | D        | Identified Sif Muna's Volume of Entrancing Displacement
                  | (Sif Muna gifted it to you in the Dungeon)
  1839 | D        | Received a gift from Sif Muna
  1839 | D        | Noticed a phantasmal warrior
  1839 | D        | Noticed a wizard
  1845 | D        | Killed a shadow wraith
  1847 | D        | Slain by a phantasmal warrior

Illustrated notes

Levels and vault maps discovered:
D:        pitsprint [storerooms_1, entrance_room_1, metal_vault_4, armoury_1,
          mini_pit_1, grid_room_1, main_hall_1, silver_pit, the_coven_1,
          the_vestibule_1, steel_vault_3, golden_pit, hallway_of_sentries,
          crystal_vault_2, iron_vault_1, final_vault]

Skill      XL: |  1  2  3  4  5  6  7  8  9 10 11 |
---------------+----------------------------------+-----
Stealth        | 3 4 6 8 10 11 | 11.3
Earth Magic    | 5 9 12 13 14 15 | 15.4
Invocations    | 4 6 7 8 10 | 10.4
Spellcasting   | 4 6 7 8 9 |  9.2
Fighting       | 1 3 5 7 |  7.7
Conjurations   | 1 3 5 7 |  7.8
Dodging        | 4 5 7 8 |  8.0
Transmutations | 4 5 7 |  7.8

Action                   |  1- 3 |  4- 6 |  7- 9 | 10-12 || total
-------------------------+-------+-------+-------+-------++-------
Melee: Unarmed           |    18 |    12 |     5 |       ||    35
       Constrict         |     4 |     2 |     2 |       ||     8
       Tentacles         |     3 |       |     2 |       ||     5
 Cast: Sandblast         |     7 |     7 |     2 |     2 ||    18
       Lee's Rapid Decon |       |     3 |    30 |    32 ||    65
Invok: Channel Magic     |       |     1 |     5 |     5 ||    11
  Use: Scroll            |       |       |     1 |       ||     1
       Potion            |       |       |     2 |       ||     2
 Stab: Sleeping          |     3 |       |       |       ||     3
Armor: Skin              |     7 |     4 |     1 |     3 ||    15
Dodge: Dodged            |    11 |    15 |    16 |    10 ||    52

Table legend: (Time is in decaauts)
 A = Elapsed time spent in this place.
 B = Non-inter-level travel time spent in this place.
 C = Inter-level travel time spent in this place.
 D = Time resting spent in this place.
 E = Time spent auto-exploring this place.
 F = Levels seen in this place.
 G = Mean time per level.
                   A        B        C        D        E       F      G
               +--------+--------+--------+--------+--------+-----+--------+
         Total |   1878 |   1878 |      0 |   1275 |      0 |   1 | 1878.0 |
       Dungeon |   1878 |   1878 |      0 |   1275 |      0 |   1 | 1878.0 |
               +--------+--------+--------+--------+--------+-----+--------+

Top non-repeatable levels by time:
       D: 1878 daAuts
